 Dungeon Crawl Stone Soup version 0.23-a0-681-g26ad783 (webtiles) character file.

386 George the Carver (level 6, -2/51 HPs)
             Began as a Minotaur Fighter on Jan 10, 2019.
             Slain by a killer bee (7 damage)
             ... on level 4 of the Dungeon.
             The game lasted 00:03:18 (2227 turns).

George the Carver (Minotaur Fighter)                Turns: 2227, Time: 00:03:19

Health: -2/51      AC:  6    Str: 23    XL:     6   Next: 48%
Magic:  5/5        EV: 12    Int:  5    God:
Gold:   109        SH: 10    Dex: 14    Spells: 5/5 levels left

rFire    . . .     SeeInvis .   a - +0 long sword
rCold    . . .     Gourm    .   c - +0 shield
rNeg     . . .     Faith    .   b - +0 scale mail
rPois    .         Spirit   .   (helmet restricted)
rElec    .         Reflect  .   (no cloak)
rCorr    .         Harm     .   (no gloves)
MR       .....                  (no boots)
Stlth    +.........             (no amulet)
HPRegen  0.17/turn              (no ring)
MPRegen  0.09/turn              (no ring)

@: agile
A: retaliatory headbutt, horns 2
a: no special abilities


You were on level 4 of the Dungeon.
You were hungry.

You visited 1 branch of the dungeon, and saw 4 of its levels.

You collected 109 gold pieces.

Inventory:

Hand Weapons
 a - a +0 long sword (weapon)
 q - a +1 dagger of freezing
Armour
 b - a +0 scale mail (worn)
 c - a +0 shield (worn)
Wands
 n - a wand of polymorph (9)
Potions
 d - 2 potions of might
 h - a potion of flight
 j - a potion of agility
 o - a potion of magic {unknown}
 r - a potion of resistance {unknown}
Comestibles
 f - 6 rations


   Skills:
 - Level 3.6 Fighting
 + Level 8.4 Long Blades
 - Level 3.6 Armour
 - Level 3.6 Shields


You had 5 spell levels left.
You didn't know any spells.
Your spell library was empty.

Dungeon Overview and Level Annotations

Branches:
Dungeon (4/15)
 Temple: D:4-7

Altars:


Innate Abilities, Weirdness & Mutations

You reflexively headbutt those who attack you in melee.
You have a pair of horns on your head.


Message History

You closely miss the killer bee. You block the killer bee's attack.
The killer bee stings you.
* * * LOW HITPOINT WARNING * * *
You barely miss the killer bee. Your headbutt misses the killer bee.
You block the killer bee's attack. The killer bee stings you.
* * * LOW HITPOINT WARNING * * *
Your scale mail prevents you from hitting the killer bee.
Your headbutt misses the killer bee.
You hear the slow hiss of an avalanche of sand nearby.
The killer bee barely misses you. You furiously retaliate!
You headbutt the killer bee. You block the killer bee's attack.
You slash the killer bee! Your headbutt misses the killer bee.
The killer bee is almost dead.
You are feeling hungry.
The killer bee stings you but does no damage.
You block the killer bee's attack.
You completely miss the killer bee.
The killer bee is almost dead.
The killer bee stings you!
You die...

#
#..####......##########
...##..##..######
#......<## #.......#
#.......# ### #.......#
.... ......>..# .....
..........##.....$
..........@yy.....
.###########......
..... .... ... ##


You could see 2 killer bees.

Vanquished Creatures
  A bullfrog (D:3)
  A scorpion (D:4)
  2 killer bees (D:4)
  An orc priest (D:3)
  An orc wizard (D:3)
  Jessica (D:3)
  A hound zombie (D:3)
  An adder (D:2)
  4 worms
  3 dart slugs
  A leopard gecko (D:1)
  2 orcs (D:3)
  12 bats
  A giant cockroach (D:2)
  4 goblins
  5 hobgoblins
  4 jackals (D:1)
  9 kobolds
  A quokka (D:3)
  5 frilled lizards
  5 rats
65 creatures vanquished.

Notes
Turn   | Place    | Note
-------+----------+-------------------------------------------
     0 | D:1      | George the Minotaur Fighter began the quest for the Orb.
     0 | D:1      | Reached XP level 1. HP: 19/19 MP: 0/0
     9 | D:1      | Reached skill level 3 in Long Blades
   323 | D:1      | Reached XP level 2. HP: 25/26 MP: 1/1
   527 | D:1      | Reached skill level 4 in Long Blades
   673 | D:1      | Reached XP level 3. HP: 30/31 MP: 2/2
  1347 | D:2      | Reached skill level 5 in Long Blades
  1483 | D:2      | Reached XP level 4. HP: 32/39 MP: 3/3
  1593 | D:3      | Noticed Jessica
  1607 | D:3      | Killed Jessica
  1619 | D:3      | Noticed a bullfrog
  1626 | D:3      | Killed a bullfrog
  1626 | D:3      | Reached skill level 6 in Long Blades
  1626 | D:3      | Reached XP level 5. HP: 25/45 MP: 4/4
  1821 | D:3      | Reached skill level 7 in Long Blades
  2139 | D:4      | Reached XP level 6. HP: 46/51 MP: 5/5
  2214 | D:4      | Reached skill level 8 in Long Blades
  2227 | D:4      | Slain by a killer bee

Vault maps used:
D:1:      dpeg_arrival_shelter
D:2:      first_ration
D:3:      uniq_jessica
D:4:      minmay_temple_entry_mini_moons, enter_ossuary_2

Skill      XL: |  1  2  3  4  5  6 |
---------------+-------------------+-----
Long Blades    | 3 4 5 6 7 8 |  8.4
Fighting       | |  3.6
Armour         | |  3.6
Shields        | |  3.6

Action                   |  1- 3 |  4- 6 || total
-------------------------+-------+-------++-------
Melee: Long sword        |   118 |    68 ||   186
       Headbutt          |    15 |    10 ||    25
  Use: Scroll            |       |     6 ||     6
       Potion            |       |     2 ||     2
  Eat: Chunk             |     2 |     2 ||     4
Armor: Scale mail        |    54 |    21 ||    75
Dodge: Dodged            |    44 |    28 ||    72
Block: Shield            |    80 |    33 ||   113
       Rpst.: Long sword |    10 |     7 ||    17

Table legend:
 A = Non-vault XP
 B = Vault XP
 C = Vault XP percentage of total XP
 D = Non-vault monster count
 E = Vault monster count
 F = Vault count percentage of total count
                 A         B        C        D         E       F
            +---------+---------+-------+---------+---------+-------
      Total |     515 |      37 |   6.7 |      64 |       1 |   1.5
            +---------+---------+-------+---------+---------+-------
        D:1 |      53 |       0 |   0.0 |      30 |       0 |   0.0
        D:2 |      44 |       0 |   0.0 |      13 |       0 |   0.0
        D:3 |     219 |      37 |  14.5 |      17 |       1 |   5.6
        D:4 |     199 |       0 |   0.0 |       4 |       0 |   0.0
            +---------+---------+-------+---------+---------+-------
